 Dungeon Crawl Stone Soup version 0.28.0-45-g0d030f2227 (webtiles) character file.

Game seed: 13616006592212090669

268 NinjaNoafa the Gusty (level 6, -10/50 HPs)
             Began as a Draconian Air Elementalist on Apr 8, 2022.
             Mangled by Blork the orc
             ... wielding a +0 halberd
              (12 damage)
             ... on level 4 of the Dungeon.
             The game lasted 00:13:11 (3518 turns).

NinjaNoafa the Gusty (Draconian Air Elementalist)   Turns: 3518, Time: 00:13:11

Health: -10/50     AC:  6    Str: 13    XL:     6   Next: 0%
Magic:  0/10       EV: 12    Int: 17    God:
Gold:   69         SH:  0    Dex: 12    Spells: 9/10 levels left

rFire   x . .      SeeInvis .   b - +0 scythe
rCold   + . .      Faith    .   (shield currently unavailable)
rNeg    + . .      Spirit   .   (armour unavailable)
rPois   .          Reflect  .   (helmet restricted)
rElec   .          Harm     .   (no cloak)
rCorr   .          Rampage  .   (no gloves)
Will    .....                   (no boots)
Stlth   ++........              (no amulet)
HPRegen 0.16/turn               m - ring of Bodily Harmony {Ice rN+ Str+3}
MPRegen 0.12/turn               (no ring)

@: no status effects
A: AC +6, unfitting armour, cold-blooded
a: no special abilities


You were on level 4 of the Dungeon.
You visited 1 branch of the dungeon, and saw 4 of its levels.

You collected 153 gold pieces.
You spent 84 gold pieces at shops.

Inventory:

Hand Weapons
 a - a +0 dagger
 b - a +0 scythe (weapon)
Missiles
 h - 6 atropa-tipped darts
 i - 96 stones
 j - 8 poisoned darts
 n - 3 curare-tipped darts
Jewellery
 m - the ring of Bodily Harmony (left hand) {Ice rN+ Str+3}
   (You found it on level 2 of the Dungeon)

   [ring of ice]

   It enhances your ice magic.
   Str:       It affects your strength (+3).
   rF:        It makes you vulnerable to fire.
   rC:        It protects you from cold.
   rN:        It protects you from negative energy.
Scrolls
 c - a scroll of vulnerability {unknown}
 d - a scroll of acquirement {unknown}
 e - a scroll of summoning {unknown}
 k - a scroll of fog {unknown}
 l - a scroll of fear {unknown}
 r - a scroll of torment {unknown}
Potions
 f - 2 potions of curing
 g - a potion of cancellation
 o - a potion of heal wounds
 p - 2 potions of degeneration


   Skills:
 + Level 2.8 Fighting
 + Level 2.4 Dodging
 - Level 2.1 Stealth
 * Level 2.9 Spellcasting
 * Level 2.9 Conjurations
 + Level 4.1 Air Magic


You had 9 spell levels left.
You knew the following spells:

 Your Spells              Type           Power      Damage    Failure   Level
a - Shock                 Conj/Air       56%        1d6       4%          1

Your spell library contained the following spells:

 Spells                   Type           Power      Damage    Failure   Level
 Static Discharge         Conj/Air       14%        N/A       6%          2
 Swiftness                Air            16%        N/A       10%         3
 Airstrike                Air            8%         N/A       32%         4


Dungeon Overview and Level Annotations

Branches:
Dungeon (4/15)
 Temple: D:4-7

Altars:
Kikubaaqudgha

Shops:
D:2 !   D:3 (

Annotations:
D:4 Blork the orc


Innate Abilities, Weirdness & Mutations

Your plain brown scales are hard. (AC +6)
You cannot fit into any form of body armour.
You are cold-blooded and may be slowed by cold attacks.


Message History

Confirm with . or Enter, or press ? or * to list all spells.
Aiming: Shock (safe; 4% risk of failure)
Press: ? - help, Shift-Dir - straight line, f/p - Blork the orc
Aim: Blork the orc, wielding a +0 halberd and wearing a +0 robe (heavily wounded, fast, 75% to hit)
The zap hits Blork the orc.
Blork the orc is severely wounded.
Blork the orc hits you from afar with a +0 halberd!
Blork the orc casts a spell at you.
The puff of frost hits you but does no damage.
You resist.
Casting: Shock (safe; 4% risk of failure)
Confirm with . or Enter, or press ? or * to list all spells.
Aiming: Shock (safe; 4% risk of failure)
Press: ? - help, Shift-Dir - straight line, f/p - Blork the orc
Aim: Blork the orc, wielding a +0 halberd and wearing a +0 robe (severely wounded, fast, 75% to hit)
The zap hits Blork the orc.
Blork the orc is almost dead.
Blork the orc barely misses you.
Blork the orc points at you and mumbles some strange words.
The puff of frost hits you. You resist. Blork the orc barely misses you.
You barely miss Blork the orc. You tail-slap Blork the orc.
Blork the orc is almost dead.
Blork the orc screams, "I'll break your legs!"
Blork the orc casts a cantrip, but nothing happens.
Blork the orc hits you with a +0 halberd!
* * * LOW HITPOINT WARNING * * *
Blork the orc misses you.
Your magical contamination has completely faded away.
Casting: Shock (safe; 4% risk of failure)
Confirm with . or Enter, or press ? or * to list all spells.
Aiming: Shock (safe; 4% risk of failure)
Press: ? - help, Shift-Dir - straight line, f/p - Blork the orc
Aim: Blork the orc, wielding a +0 halberd and wearing a +0 robe (almost dead, fast, 75% to hit)
The zap hits Blork the orc.
Blork the orc is almost dead.
Blork the orc hits you with a +0 halberd!
* * * LOW HITPOINT WARNING * * *
Blork the orc hits you with a +0 halberd!
You die...

....##..#..
................
..........<....
..............
..........$# .....#...#
..## #..#...# #...# .#.
#...o..## .....
.....#..@....##...# .
#...............#..
#.................# #
#....#.........##.# .
.......#.........##.. ..
##...#...........#.># ..
................###.###..
.................##......
.............<.#.........


You could see Blork the orc (fast).

Vanquished Creatures
  Sigmund (D:3)
  Terence (D:3)
  2 adders
  A worm (D:3)
  2 dart slugs
  12 ball pythons
  5 bats
  3 endoplasms (D:2)
  2 giant cockroaches
  7 goblins
  2 hobgoblins
  7 jackals (D:1)
  2 quokkas
  4 frilled lizards
  6 kobolds
  2 rats
59 creatures vanquished.

Notes
Turn   | Place    | Note
-------+----------+-------------------------------------------
     0 | D:1      | NinjaNoafa the Draconian Air Elementalist began the quest
                  | for the Orb.
     0 | D:1      | Reached XP level 1. HP: 14/14 MP: 3/3
   372 | D:1      | Found a faded altar of an unknown god.
   379 | D:1      | Reached XP level 2. HP: 14/22 MP: 1/5
  1293 | D:2      | Reached XP level 3. HP: 27/27 MP: 3/6
  1623 | D:2      | Reached skill level 1 in Fighting
  2180 | D:2      | Identified the ring of Bodily Harmony {Ice rN+ Str+3}
  2215 | D:2      | Found Laenutu's Distillery.
  2228 | D:2      | Bought a potion of heal wounds for 70 gold pieces
  2228 | D:2      | Bought a potion of degeneration for 14 gold pieces
  2540 | D:3      | Reached XP level 4. HP: 35/35 MP: 3/7
  2600 | D:3      | Found an ancient bone altar of Kikubaaqudgha.
  2613 | D:3      | Noticed Sigmund
  2642 | D:3      | Killed Sigmund
  2643 | D:3      | Reached skill level 4 in Air Magic
  2643 | D:3      | Reached XP level 5. HP: 35/42 MP: 5/9
  2730 | D:3      | Found Bagichou's Weapon Boutique.
  2975 | D:3      | Noticed Terence
  2988 | D:3      | Killed Terence
  2989 | D:3      | Reached XP level 6. HP: 36/50 MP: 2/10
  3501 | D:4      | Noticed Blork the orc
  3518 | D:4      | HP: 2/50 [Blork the orc/+0 halberd (13)]
  3518 | D:4      | Mangled by Blork the orc

Illustrated notes

Levels and vault maps discovered:
D:1:      dpeg_arrival_arbitrary_b, layout_rooms,
          nicolae_ecumenical_snake_handling, nrook_mini_backslash
D:2:      layout_basic, serial_shops, nicolae_shop_hallway_stairs,
          minmay_increasing_density
D:3:      layout_loops_cross, kiku_gazebo_pond_becter, serial_shops,
          nicolae_shop_bloodbath_and_beyond, uniq_sigmund, uniq_terence
D:4:      layout_cave_pools, zin_purify, grunt_qazlal_sundering,
          minmay_temple_entry_statues, nrook_mini_vaults, minmay_mini_ossuary,
          uniq_blork_the_orc

Skill      XL: |  1  2  3  4 |
---------------+-------------+-----
Stealth        | 2 |  2.1
Dodging        | 2 |  2.4
Fighting       | 1 2 |  2.8
Conjurations   | 2 |  2.9
Air Magic      | 4 |  4.1
Spellcasting   | |  2.9

Action                   |  1- 3 |  4- 6 || total
-------------------------+-------+-------++-------
Melee: Dagger            |    58 |     2 ||    60
       Unarmed           |     3 |       ||     3
       Tailslap          |     2 |     1 ||     3
       Scythe            |       |    15 ||    15
 Cast: Shock             |    78 |    43 ||   121
  Use: Potion            |       |     7 ||     7
 Stab: Sleeping          |     1 |     1 ||     2
Armor: Skin              |    27 |    17 ||    44
Dodge: Dodged            |    89 |    15 ||   104
